Map: Acolyte LE

Players

PlasmidAdict - Winner!

  • Race: Protoss Protoss
  • Spawn Location: 1:00

Juxtapose

  • Race: Zerg Zerg
  • League: Silver
  • Spawn Location: 7:00

VOD

https://youtu.be/ds2SIx2aOzg

Description

This was a fun game and I really enjoyed using Lurkers, but I once again run into macro problems which costs me big. If it wasn't for that, I believe I would have done better.

So for the future, I need to remember to expand faster, to tech faster (I think Vipers would have helped), and I think a macro Hatchery would not be a bad idea either.

Time

  • Played on: July 25, 2017, 6:53 p.m.
  • Length: 17:25
Show
View Real Time Build Order
Export as new Build Order

PlasmidAdict Protoss - Winner!

Build Orders: Oracle Opening 

Get SALT Encoding   

  12  0:02  Probe (Chrono Boost)  
  13  0:12  Probe (Chrono Boost)  
  14  0:23  Pylon, Probe (Chrono Boost)  
  15  0:42  Gateway, Probe (Chrono Boost)  
  16  0:47  Assimilator  
  16  0:52  Probe (Chrono Boost)  
  17  1:03  Gateway, Probe (Chrono Boost)  
  18  1:13  Probe (Chrono Boost)  
  19  1:22  Assimilator  
  19  1:25  Probe (Chrono Boost)  
  20  1:30  Cybernetics Core  
  20  1:37  Pylon  
  20  1:39  Probe (Chrono Boost)  
  21  1:49  Probe (Chrono Boost)  
  22  2:07  Warp Gate (Chrono Boost), Adept x2  
  27  2:12  Mothership Core (Chrono Boost)  
  28  2:17  Pylon  
  28  2:30  Probe (Chrono Boost)  
  29  2:53  Stargate  
  29  2:57  Probe (Chrono Boost)  
  30  3:04  Nexus  
  30  3:07  Probe (Chrono Boost)  
  31  3:20  Probe (Chrono Boost)  
  32  3:30  Twilight Council  
  32  3:32  Probe  
  33  3:35  Pylon  
  33  3:38  Oracle (Chrono Boost)  
  36  3:51  Pylon  
  36  4:00  Blink (Chrono Boost)  
  36  4:04  Robotics Facility  
  36  4:14  Probe  
  36  4:16  Probe  
  38  4:26  Probe x2  
  40  4:37  Sentry, Probe  
  42  4:38  Probe  
  42  4:39  Stalker  
  46  4:47  Probe  
  46  4:50  Probe  
  45  5:00  Probe  
  45  5:03  Probe  
  45  5:05  Observer (Chrono Boost)  
  48  5:12  Probe  
  48  5:13  Forge  
  49  5:15  Probe  
  49  5:20  Stalker x2  
  54  5:21  Gateway  
  54  5:25  Gateway  
  54  5:27  Probe x2  
  56  5:29  Assimilator  
  56  5:33  Assimilator  
  56  5:39  Warp Prism (Chrono Boost), Probe x2  
  60  5:48  Protoss Ground Weapons Level 1 (Chrono Boost)  
  60  5:52  Void Ray (Chrono Boost)  
  64  6:01  Probe x2  
  66  6:04  Stalker  
  66  6:06  Stalker  
  70  6:22  Photon Cannon  
  70  6:36  Fleet Beacon  
  70  6:40  Pylon  
  70  6:54  Immortal  
  70  6:58  Probe x2  
  76  7:09  Pylon  
  76  7:10  Probe x2  
  76  7:14  Gateway  
  76  7:15  Pylon, Gateway  
  78  7:21  Pylon  
  78  7:26  Void Ray (Chrono Boost)  
  78  7:27  Probe x2  
  84  7:31  Immortal  
  84  7:35  Nexus  
  88  7:44  Stalker x2  
  90  7:45  Stalker  
  90  7:46  Sentry  
  90  7:50  Pylon  
  96  7:52  Charge (Chrono Boost)  
  96  7:57  Protoss Ground Weapons Level 2 (Chrono Boost)  
  97  8:10  Carrier (Chrono Boost)  
  102  8:18  Photon Cannon  
  102  8:24  Pylon  
  102  8:29  Pylon  
  102  8:34  Zealot x2  
  104  8:36  Sentry  
  104  8:38  Immortal  
  79  9:05  Stalker x2  
  79  9:06  Zealot  
  79  9:07  Zealot  
  79  9:08  Sentry  
  81  9:14  Mothership Core  
  77  9:18  Probe  
  77  9:19  Probe  
  77  9:37  Immortal  
  81  9:46  Probe x2  
  87  9:53  Void Ray (Chrono Boost)  
  87  9:55  Stargate  
  87  9:58  Templar Archives, Probe  
  87  9:59  Probe x2  
  90  10:09  Assimilator  
  90  10:13  Assimilator  
  90  10:14  Zealot  
  90  10:15  Zealot x3  
  90  10:16  Zealot  
  90  10:18  Pylon, Sentry  
  90  10:19  Probe  
  103  10:30  Carrier (Chrono Boost)  
  103  10:32  Probe  
  103  10:33  Probe  
  111  10:43  Stalker x2  
  111  10:44  Stalker  
  117  10:50  Probe  
  117  10:51  Probe x2  
  124  11:06  Void Ray (Chrono Boost), Observer  
  124  11:09  Probe  
  124  11:10  Probe x2  
  128  11:16  Pylon  
  128  11:20  Zealot x3  
  128  11:21  Pylon, Zealot x2  
  128  11:22  Zealot  
  139  11:29  Graviton Catapult (Chrono Boost)  
  139  11:39  Protoss Ground Weapons Level 3 (Chrono Boost)  
  100  12:03  Zealot x2  
  100  12:04  Zealot x4  
  100  12:07  Carrier x2 (Chrono Boost)  
  124  12:10  Probe  
  124  12:14  Dark Shrine  
  125  12:15  Probe  
  125  12:17  Probe  
  127  12:25  Zealot x4  
  127  12:26  Zealot x2  
  139  12:37  Probe x2  
  109  13:00  Zealot x3  
  109  13:01  Zealot x3  
  109  13:03  Observer  
  108  13:25  High Templar x3  
  108  13:26  High Templar x2, Carrier x2 (Chrono Boost)  
  130  13:27  Zealot  
  128  13:43  Archon x2  
  116  13:59  Zealot x3  
  116  14:00  Zealot x3  
  128  14:06  Warp Prism  
  130  14:37  Zealot  
  132  14:38  Zealot  
  132  14:39  Zealot  
  132  14:41  Carrier x2 (Chrono Boost)  
  120  15:23  High Templar x2  
  120  15:24  High Templar x4  
  104  15:57  Carrier x2 (Chrono Boost)  
  104  16:04  Dark Templar, Robotics Bay  
  104  16:05  Dark Templar x3  
  104  16:06  Dark Templar x2  
  104  16:07  Warp Prism  
  118  16:28  Nexus  
  118  16:32  Pylon  
  118  16:34  Pylon  
  118  16:37  Pylon  
  118  16:48  Pylon  
  118  16:50  Pylon  
Show
View Real Time Build Order
Export as new Build Order

Juxtapose Zerg 

Build Orders: Pool First 

Get SALT Encoding   

  12  0:01  Drone  
  13  0:13  Overlord  
  13  0:20  Drone  
  14  0:32  Drone x2  
  16  0:45  Spawning Pool  
  16  0:48  Drone  
  16  0:52  Extractor  
  16  0:53  Drone  
  16  0:57  Drone  
  17  1:08  Drone  
  18  1:19  Drone  
  19  1:28  Overlord  
  19  1:33  Queen  
  21  1:40  Zergling x2  
  22  1:50  Zergling x2  
  23  2:19  Drone x2  
  25  2:24  Hatchery  
  24  2:36  Zergling x4  
  26  2:42  Drone x2, Roach Warren  
  26  2:43  Drone  
  26  2:44  Queen  
  28  2:46  Extractor  
  30  2:58  Drone  
  30  2:59  Overlord  
  30  3:04  Metabolic Boost  
  30  3:19  Drone x2  
  32  3:25  Roach  
  32  3:26  Drone  
  35  3:27  Roach  
  36  3:49  Roach x2  
  36  3:50  Roach x2  
  44  4:03  Overlord  
  44  4:06  Overlord  
  44  4:21  Queen  
  46  4:32  Drone x5  
  46  4:33  Drone  
  46  4:36  Roach x3  
  58  4:42  Evolution Chamber  
  55  4:56  Queen  
  56  5:03  Spore Crawler  
  55  5:09  Drone  
  55  5:10  Drone x3  
  55  5:13  Overlord x2  
  59  5:19  Spore Crawler  
  58  5:32  Drone x2  
  58  5:33  Drone  
  61  5:41  Lair  
  61  5:49  Drone x3  
  65  5:50  Drone x2  
  65  5:54  Roach x3  
  65  5:55  Roach  
  74  5:58  Zergling x2  
  73  6:25  Extractor  
  72  6:26  Extractor, Drone x3  
  72  6:28  Overlord x2  
  74  6:42  Zerg Missile Weapons Level 1  
  74  6:43  Glial Reconstitution  
  74  6:45  Hydralisk Den  
  73  6:52  Overseer  
  73  6:58  Drone x3  
  76  7:01  Overlord x2  
  76  7:05  Pneumatized Carapace  
  76  7:08  Burrow  
  76  7:16  Hydralisk x6  
  76  7:17  Hydralisk  
  76  7:19  Muscular Augments  
  90  7:31  Ravager x3  
  90  7:33  Hydralisk  
  90  7:35  Overlord  
  90  7:36  Overlord  
  95  7:38  Zergling x12  
  101  7:57  Overseer, Hatchery  
  101  7:58  Overseer  
  100  8:01  Overseer  
  100  8:24  Zergling x2  
  100  8:25  Zergling x12  
  100  8:26  Zergling x8  
  111  8:34  Lurker Den  
  111  8:36  Zerg Ground Armor Level 1  
  102  8:55  Hydralisk x3  
  86  8:56  Hydralisk x5  
  81  9:11  Zergling x4  
  81  9:12  Zergling x6  
  69  9:37  Overseer  
  69  9:39  Drone x3  
  72  9:47  Hydralisk x4  
  72  9:48  Hydralisk x2  
  84  9:58  Hydralisk  
  84  9:59  Hydralisk x5  
  96  10:13  Lurker x2  
  98  10:17  Lurker  
  98  10:19  Zergling x14  
  106  10:27  Extractor  
  105  10:29  Drone x3  
  105  10:30  Extractor  
  105  10:34  Drone x6  
  113  11:07  Overlord x5  
  113  11:08  Overlord  
  113  11:13  Infestation Pit  
  113  11:14  Zerg Missile Weapons Level 2  
  100  11:48  Zergling x4  
  100  11:49  Hydralisk, Zergling x12  
  100  11:50  Hydralisk x6  
  100  11:51  Zergling x8  
  103  12:09  Spire  
  102  12:15  Hydralisk  
  102  12:16  Hydralisk x6  
  102  12:22  Drone  
  89  13:00  Zergling x6  
  89  13:01  Zergling x2  
  89  13:03  Zergling x2  
  89  13:04  Zergling x4  
  86  13:21  Corruptor  
  86  13:22  Corruptor x6  
  100  13:37  Zerg Ground Armor Level 2  
  100  13:38  Corruptor x2  
  100  13:39  Corruptor x3  
  83  14:23  Hive  
  83  14:26  Corruptor x5  
  83  14:27  Hatchery  
  83  14:28  Overlord  
  88  14:57  Zergling x8  
  88  14:58  Zergling x16  
  88  14:59  Zergling x2  
  89  15:00  Zergling x2  
  69  15:19  Hydralisk x3  
  48  16:01  Zergling x6  
  51  16:07  Hatchery  
  27  17:16  Hatchery  
Tags
 
Add a new tag
Caveats
  • Supply blocks, unpowered buildings, or Contaminate may cause inaccurate times.
  • Supply counts are checked every 10 seconds.